cohdb
Replays
Latest Replays
All Replays
Popular Replays
Top Player Replays
Match Explorer
How It Works
Community
CoH3 Stats
Reddit
Sign in to upload your games and track your stats! →
Sign in with Steam
sometimes one doesnt need AT
Match 10411767
Overview
Messages
Build Orders
End
Panzerpioneer Squad
Panzergrenadier Squad
Panzergrenadier Squad
Panzergrenadier Squad
Construct Light Support Kompanie
2.5-tonne Medical Truck
Fire Support Elements
Assault Mechanized Group
Veteran Squad Leaders
Selects Armored Suppot Battlegroup
Selects Superior Fire Drills
Selects Flammpanzer III Medium Tank Sd.Kfz. 141
Pak 38 Anti-tank Gun Team
Panzergrenadier Squad
Grenade Package
Herr Blautier
mor117
0
0
Comments
sign in to comment!
No comments posted yet!